 Dungeon Crawl Stone Soup version 0.19-b1-5-gdc9fa9d (webtiles) character file.

557 McCoppin the Fighter (level 7, -3/64 HPs)
             Began as a Formicid Wanderer on Oct 31, 2016.
             Was a Follower of Yredelemnul.
             Killed by divine providence
             ... invoked by an orc priest
              (15 damage)
             ... on level 4 of the Dungeon.
             The game lasted 00:12:16 (3074 turns).

McCoppin the Fighter (Formicid Wanderer)            Turns: 3074, Time: 00:12:16

Health: -3/64      AC: 10    Str: 19    XL:     7   Next: 56%
Magic:  7/7        EV:  5    Int: 12    God:    Yredelemnul [*.....]
Gold:   243        SH:  0    Dex:  9    Spells: 0 memorised, 6 levels left

rFire  . . .     SeeInvis +     v - +0 flail (crush)
rCold  . . .     Gourm    .     s - +0 plate armour
rNeg   . . .     Faith    .     (no shield)
rPois  +         Spirit   .     (helmet unavailable)
rElec  .         Reflect  .     (no cloak)
rCorr  .         Harm     +     (no gloves)
MR     .....                    (no boots)
Stlth  ..........               E - amulet of harm
                                j - ring of poison resistance
                                h - ring of teleportation (curse)

@: no status effects
A: permanent stasis, dig shafts and tunnels, four strong arms, antennae 3
a: Dig, Shaft Self, Animate Remains, Renounce Religion


You were on level 4 of the Dungeon.
You worshipped Yredelemnul.
Yredelemnul was aware of your devotion.
You were near starving.

You visited 1 branch of the dungeon, and saw 4 of its levels.
You also visited: Sewer.

You collected 243 gold pieces.

Inventory:

Hand Weapons
 a - a +0 hand crossbow
 b - a +0 whip
 v - a +0 flail of crushing (weapon)
 F - a +0 spear
Missiles
 c - 16 bolts
Armour
 o - a +2 leather armour
 s - a +0 plate armour (worn)
 x - a +0 chain mail
Jewellery
 h - a cursed ring of teleportation (left hand)
 j - a ring of poison resistance (right hand)
 w - an uncursed ring of protection from magic {unknown}
 E - an amulet of harm (around neck)
Wands
 B - a wand of flame (17/48)
Scrolls
 i - a scroll of teleportation
 l - a scroll of identify
 q - a scroll of magic mapping {unknown}
 r - a scroll of enchant weapon
 t - 4 scrolls of recharging {unknown}
 y - a scroll of fear
 z - a scroll of remove curse {unknown}
 C - a scroll of amnesia {unknown}
Potions
 d - 2 potions of lignification
 e - 3 potions of ambrosia {unknown}
 g - a potion of flight {unknown}
 k - 2 potions of heal wounds {unknown}
 n - a potion of cure mutation {unknown}
 u - a potion of resistance
 A - a potion of haste {unknown}
 D - a potion of curing {unknown}
Comestibles
 f - 4 bread rations
 m - 2 meat rations
 p - a royal jelly


   Skills:
 + Level 9.0 Fighting
 - Level 3.0 Crossbows
 - Level 1.7 Dodging
 - Level 1.2 Stealth
 - Level 1.1 Evocations


You had 6 spell levels left.
You didn't know any spells.

Dungeon Overview and Level Annotations

Branches:
Dungeon (4/15)
 Temple: D:4-7

Altars:
Ashenzari
Cheibriados
Ru
Trog
Vehumet
Yredelemnul


Innate Abilities, Weirdness & Mutations

You are under a permanent stasis effect.
You can dig through walls and to a lower floor.
Your four strong arms can wield two-handed weapons with a shield.
You have a pair of large antennae on your head. (SInv)


Message History

The orc barely misses you.
You closely miss the orc. The orc hits you but does no damage.
You closely miss the orc. The orc barely misses you.
The orc priest looks braver for a moment.
The orc hits you but does no damage.
You barely miss the orc. The orc hits you but does no damage.
You hit the orc.
You kill the orc!
Yredelemnul accepts your kill.
Your Fighting skill increases to level 9!
The orc priest calls down the wrath of Beogh upon you.
Pain shoots through your body!
* * * LOW HITPOINT WARNING * * *
Your plate armour prevents you from hitting the orc priest.
The orc priest hits you but does no damage.
You barely miss the orc priest.
The orc priest mumbles some strange prayers to Beogh against you.
Beogh smites you!
You die...
Your body rises from the dead as a mindless zombie.

.. # #. .# .# #.#
.# ###.
######.###.# #o.
........#.. #o#
...##...#.# #@#
..)<.# #..######$#
.....# #.........#
.....###..########
..........#
..#####..## .##
#..# .. ....# ###
##...#


You could see an orc priest and an orc.

Vanquished Creatures
  Menkaure (D:3)
  A crocodile (Sewer)
  An orc priest (D:3)
  2 orc wizards (D:3)
  Ijyb (D:3)
  Terence (D:3)
  A worker ant (D:3)
  7 adders
  An ooze (D:1)
  2 worms
  A dart slug (D:1)
  6 leopard geckos
  13 orcs
  11 giant cockroaches
  8 goblins
  10 hobgoblins
  17 jackals
  2 quokkas
  3 ball pythons
  18 bats
  4 frilled lizards
  6 kobolds
  8 rats
125 creatures vanquished.

Notes
Turn   | Place    | Note
-------+----------+-------------------------------------------
     0 | D:1      | McCoppin the Formicid Wanderer began the quest for the Orb.
     0 | D:1      | McCoppin set off with: a +2 leather armour, a +0 hand crossbow, 25 bolts, a potion of lignification, a bread ration
     0 | D:1      | Reached XP level 1. HP: 18/18 MP: 1/1
   101 | D:1      | Reached XP level 2. HP: 25/25 MP: 2/2
   109 | D:1      | Reached skill level 4 in Fighting
   308 | D:1      | Reached XP level 3. HP: 31/31 MP: 3/3
   676 | D:2      | Reached skill level 5 in Fighting
   708 | D:2      | Reached XP level 4. HP: 36/39 MP: 4/4
   924 | D:2      | Found a shattered altar of Ashenzari.
  1226 | D:2      | Reached XP level 5. HP: 43/46 MP: 5/5
  1552 | D:2      | You fall through a shaft!
  1580 | D:3      | Reached skill level 6 in Fighting
  1590 | D:3      | Noticed Terence
  1600 | D:3      | Killed Terence
  1626 | D:3      | Noticed Ijyb
  1636 | D:3      | Killed Ijyb
  1701 | D:3      | Found a glowing drain.
  1714 | Sewer    | Entered a sewer
  1782 | Sewer    | Noticed a crocodile
  1791 | Sewer    | Killed a crocodile
  1791 | Sewer    | Reached skill level 7 in Fighting
  1791 | Sewer    | Reached XP level 6. HP: 40/55 MP: 6/6
  2067 | D:3      | Found a bloodstained altar of Trog.
  2077 | D:3      | Reached skill level 8 in Fighting
  2077 | D:3      | Reached XP level 7. HP: 47/62 MP: 7/7
  2198 | D:3      | Found a sacrificial altar of Ru.
  2378 | D:3      | Found a snail-covered altar of Cheibriados.
  2378 | D:3      | Found a radiant altar of Vehumet.
  2383 | D:3      | Found a faded altar of an unknown god.
  2385 | D:3      | Found a faded altar of an unknown god.
  2386 | D:3      | Found a faded altar of an unknown god.
  2405 | D:3      | Became a worshipper of Yredelemnul the Dark
  2405 | D:3      | Reached * piety under Yredelemnul
  2516 | D:4      | Noticed Menkaure
  2801 | D:3      | Killed Menkaure
  3072 | D:4      | Reached skill level 9 in Fighting
  3074 | D:4      | Killed from afar by an orc priest

Skill      XL: |  1  2  3  4  5  6  7 |
---------------+----------------------+-----
Fighting       | 4 5 7 8 9 |  9.0
Crossbows      | |  3.0
Dodging        | |  1.7
Stealth        | |  1.2
Evocations     | |  1.1

Action                   |  1- 3 |  4- 6 |  7- 9 || total
-------------------------+-------+-------+-------++-------
Melee: Whip              |    32 |   111 |       ||   143
       Flail             |       |    88 |    86 ||   174
 Fire: Hand crossbow     |    53 |    92 |    13 ||   158
 Abil: Dig               |       |     1 |       ||     1
  Use: Scroll            |       |     4 |       ||     4
       Potion            |       |       |     1 ||     1
 Stab: Sleeping          |     2 |       |       ||     2
  Eat: Meat ration       |       |     1 |       ||     1
       Chunk             |       |     1 |       ||     1
Armor: Leather armour    |    30 |    97 |       ||   127
       Chain mail        |       |    53 |    48 ||   101
       Plate armour      |       |       |    19 ||    19
Dodge: Dodged            |    45 |   210 |    45 ||   300
